 Dungeon Sprint DCSS version 0.30.1-5-ged363bc7ee (webtiles) character file.

Game seed: 13464294115999820782

149632 Heoruswealwe the Invulnerable (level 16, -18/183 HPs)
             Began as a Minotaur Fighter on Sept 19, 2023.
             Was the Champion of the Shining One.
             Demolished by an ancient champion
             ... wielding a +3 heavy great sword
              (43 damage)
             ... in the Dungeon (Sprint V: "Ziggurat Sprint").
             The game lasted 01:51:19 (3541 turns).

Heoruswealwe the Invulnerable (Minotaur Fighter)    Turns: 3541, Time: 01:51:19

Health: -18/183    AC: 50    Str: 36    XL:     16   Next: 97%
Magic:  0/39       EV: 11    Int:  8    God:    the Shining One [******]
Gold:   0          SH: 43    Dex: 11    Spells: 15/15 levels left

rFire   + + +        a - +18 lance "Wyrmbane" {slay drac, rPois rF+ rC+ AC+3}
rCold   + + +        d - +18 shield of the Gong {Loud rN+ Will+ rCorr EV-5}
rNeg    + + +        c - +8 gold dragon scales "Muhel" {Harm *Corrode rPois rF+ rC+ Slay+5 Stlth-}
rPois   +            (helmet restricted)
rElec   .            h - +2 cloak {rPois}
rCorr   +            f - +2 pair of gloves {infuse}
SInv    .            e - +2 pair of boots {rampage}
Will    +++..        i - brooch of Shielding {Spirit SH+8} Stlth
                     k - ring "Hilim" {rF+ Will+ Str+2}
HPRegen 0.50/turn    j - ring "Etyof" {rC+ MP+9 Str+6 Int+3}
MPRegen 0.26/turn

%: no teleportation, corrode self (3%), harm (+30% outgoing, +20% incoming),
guardian spirit, rampage
@: mighty, hasted, glowing, studying 4 skills, very quick
A: horns 2, retaliatory headbutt
a: Renounce Religion, Divine Shield, Cleansing Flame, Summon Divine Warrior


You were in the Dungeon.
You worshipped the Shining One.
The Shining One was exalted by your worship.
You visited 1 branch

Inventory:

Hand Weapons
 a - the +18 lance "Wyrmbane" (weapon) {slay drac, rPois rF+ rC+ AC+3}
   (You found it in the Dungeon)

   AC:        It affects your AC (+3).
   rF:        It protects you from fire.
   rC:        It protects you from cold.
   rPois:     It protects you from poison.
 b - a +7 trishula of holy wrath
 o - the +8 frozen axe "Frostbite" {freeze, freezing cloud, *Noise Fly rC+}
   (You found it in the Dungeon)

   rC:        It protects you from cold.
   Fly:       It grants you flight.
   *Noise:    It may make noises in combat.
Armour
 c - the +8 gold dragon scales "Muhel" (worn) {Harm *Corrode rPois rF+ rC+ Slay+5 Stlth-}
   (You took it off an efreet in the Dungeon)

   Slay:      It affects your accuracy & damage with ranged weapons and melee
   (+5).
   rF:        It protects you from fire.
   rC:        It protects you from cold.
   rPois:     It protects you from poison.
   *Corrode:  It may corrode you when you take damage.
   Harm:      It increases damage dealt and taken.
   Stlth:     It makes you less stealthy.
 d - the +18 shield of the Gong (worn) {Loud rN+ Will+ rCorr EV-5}
   (You found it in the Dungeon)

   Loud:      It is deafeningly noisy when blocking attacks.
   EV:        It affects your evasion (-5).
   rN:        It protects you from negative energy.
   rCorr:     It protects you from acid and corrosion.
   Will:      It increases your willpower.
 e - a +2 pair of boots of rampaging (worn)
 f - a +2 pair of gloves of infusion (worn)
 h - a +2 cloak of poison resistance (worn)
 l - the +15 Maxwell's patent armour {-Cast -Tele rElec Will+ rCorr}
   (You found it in the Dungeon)

   rElec:     It insulates you from electricity.
   -Cast:     It prevents spellcasting.
   -Tele:     It prevents most forms of teleportation.
   rCorr:     It protects you from acid and corrosion.
   Will:      It increases your willpower.
 m - +12 gold dragon scales
 q - a +2 pair of boots of flying
 y - the +0 pair of gloves of Imperfection {rPois rN+ Regen+ SInv}
   (You found it in the Dungeon)

   rPois:     It protects you from poison.
   rN:        It protects you from negative energy.
   SInv:      It lets you see invisible.
   Regen:     It increases your rate of health regeneration.
Jewellery
 i - the brooch of Shielding (around neck) {Spirit SH+8}
   (You took it off a fire giant in the Dungeon)

   [amulet of guardian spirit]

   It causes incoming damage to be divided between your reserves of health and
   magic.
   SH:        It affects your SH (+8).
 j - the ring "Etyof" (right hand) {rC+ MP+9 Str+6 Int+3}
   (You found it in the Dungeon)

   [ring of magical power]

   Str:       It affects your strength (+6).
   Int:       It affects your intelligence (+3).
   rC:        It protects you from cold.
   MP:        It affects your magic capacity (+9).
 k - the ring "Hilim" (left hand) {rF+ Will+ Str+2}
   (You found it in the Dungeon)

   [ring of willpower]

   Str:       It affects your strength (+2).
   rF:        It protects you from fire.
   Will:      It increases your willpower.
 n - the necklace of Bloodlust {Fury *Rage Will++ Int-3 Slay+6}
   (You found it in the Dungeon)

   [amulet of nothing]

   Fury:      It extends the wearer's berserk rage when killing foes.
   Int:       It affects your intelligence (-3).
   Slay:      It affects your accuracy & damage with ranged weapons and melee
   (+6).
   *Rage:     It berserks you when you make melee attacks (+50% chance).
   Will:      It greatly increases your willpower.
 p - a ring of the Octopus King {rN+ HP+2 AC+2 EV+2 SH+2}
   (You found it in the Dungeon)

   [ring of positive energy]

   AC:        It affects your AC (+2).
   EV:        It affects your evasion (+2).
   rN:        It protects you from negative energy.
   HP:        It affects your health (+2).
   SH:        It affects your SH (+2).
 B - a +4 ring of slaying
 H - the ring of the Futuristic God {rC+ rN+ Str+6 Int+2}
   (You found it in the Dungeon)

   [ring of strength]

   Str:       It affects your strength (+6).
   Int:       It affects your intelligence (+2).
   rC:        It protects you from cold.
   rN:        It protects you from negative energy.
Wands
 D - a wand of digging (33)
Potions
 u - a potion of resistance
 v - 3 potions of berserk rage
 E - 7 potions of curing
 F - a potion of might
Miscellaneous
 r - a phantom mirror
 s - a box of beasts
 t - a piece from Xom's chessboard (15/15)
 w - a phial of floods
 x - a lightning rod (4/4)
 z - a condenser vane


   Skills:
 O Level 27 Fighting
 O Level 27 Polearms
 O Level 27 Armour
 + Level 24.5 Dodging
 O Level 27 Shields
 + Level 22.6 Invocations


You had 15 spell levels left.
You didn't know any spells.
Your spell library contained the following spells:

 Spells                   Type           Power      Damage    Failure   Level
 Apportation              Tloc           0%         N/A       87%         1
 Beastly Appendage        Tmut           0%         N/A       87%         1
 Foxfire                  Conj/Fire      0%         2x1d4     87%         1
 Freeze                   Ice            0%         1d3       87%         1
 Kiss of Death            Conj/Necr      0%         2d5       87%         1
 Magic Dart               Conj           0%         1d3       87%         1
 Shock                    Conj/Air       0%         1d3       87%         1
 Slow                     Hex            0%         N/A       87%         1
 Summon Small Mammal      Summ           0%         N/A       87%         1
 Call Imp                 Summ           0%         N/A       95%         2
 Cigotuvi's Dreadful Rot  Necr/Pois/Air  0%         N/A       95%         2
 Lesser Beckoning         Tloc           0%         N/A       95%         2
 Passwall                 Tmut/Erth      0%         N/A       95%         2
 Poisonous Vapours        Pois/Air       0%         N/A       95%         2
 Searing Ray              Conj           0%         2d4       95%         2
 Static Discharge         Conj/Air       0%         2-2/arc   95%         2
 Sublimation of Blood     Necr           0%         N/A       95%         2
 Wereblood                Tmut           0%         N/A       95%         2
 Call Canine Familiar     Summ           0%         N/A       99%         3
 Confusing Touch          Hex            0%         N/A       99%         3
 Dazzling Flash           Conj/Hex       0%         N/A       99%         3
 Frozen Ramparts          Ice            0%         1d1       99%         3
 Gell's Gravitas          Tloc           0%         N/A       99%         3
 Hailstorm                Conj/Ice       0%         3d3       99%         3
 Ignite Poison            Fire/Tmut/Pois 0%         N/A       99%         3
 Inner Flame              Hex/Fire       0%         N/A       99%         3
 Mephitic Cloud           Conj/Pois/Air  0%         N/A       99%         3
 Ozocubu's Armour         Ice            0%         N/A       99%         3
 Portal Projectile        Hex/Tloc       0%         N/A       99%         3
 Spider Form              Tmut/Pois      0%         N/A       99%         3
 Stone Arrow              Conj/Erth      0%         3d7       99%         3
 Summon Guardian Golem    Hex/Summ       0%         N/A       99%         3
 Swiftness                Air            0%         N/A       99%         3
 Teleport Other           Tloc           0%         N/A       99%         3
 Tukima's Dance           Hex            0%         N/A       99%         3
 Vampiric Draining        Necr           0%         2d6       99%         3
 Vhi's Electric Charge    Tloc/Air       0%         N/A       99%         3
 Volatile Blastmotes      Fire/Tloc      0%         2d10      99%         3
 Airstrike                Air            0%         2d(0-16)  100%        4
 Animate Armour           Summ/Erth      0%         N/A       100%        4
 Animate Dead             Necr           0%         N/A       100%        4
 Fulminant Prism          Conj/Hex       0%         3d5       100%        4
 Ice Form                 Ice/Tmut       0%         N/A       100%        4
 Iskenderun's Mystic Bla  Conj/Tloc      0%         2d3       100%        4
 Leda's Liquefaction      Hex/Erth       0%         N/A       100%        4
 Olgreb's Toxic Radiance  Pois           0%         N/A       100%        4
 Passage of Golubria      Tloc           0%         N/A       100%        4
 Petrify                  Tmut/Erth      0%         N/A       100%        4
 Sticky Flame             Conj/Fire      0%         2d3       100%        4
 Summon Ice Beast         Ice/Summ       0%         N/A       100%        4
 Agony                    Necr           0%         N/A       100%        5
 Alistair's Intoxication  Tmut/Pois      0%         N/A       100%        5
 Arcjolt                  Conj/Air       0%         1d10      100%        5
 Blade Hands              Tmut           0%         N/A       100%        5
 Borgnjor's Vile Clutch   Necr/Erth      0%         N/A       100%        5
 Fireball                 Conj/Fire      0%         3d3       100%        5
 Freezing Cloud           Conj/Ice/Air   0%         6-21      100%        5
 Iskenderun's Battlesphe  Conj           0%         2d6       100%        5
 Lee's Rapid Deconstruct  Erth           0%         3d4*      100%        5
 Metabolic Englaciation   Hex/Ice        0%         N/A       100%        5
 Silence                  Hex/Air        0%         N/A       100%        5
 Summon Mana Viper        Hex/Summ       0%         N/A       100%        5
 Yara's Violent Unravell  Hex/Tmut       0%         3d3       100%        5
 Conjure Ball Lightning   Conj/Air       0%         3x3d6     100%        6
 Death Channel            Necr           0%         N/A       100%        6
 Dispersal                Tloc           0%         N/A       100%        6
 Eringya's Noxious Bog    Tmut/Pois      0%         N/A       100%        6
 Iron Shot                Conj/Erth      0%         9d1       100%        6
 Simulacrum               Ice/Necr       0%         N/A       100%        6
 Starburst                Conj/Fire      0%         6d3       100%        6
 Statue Form              Tmut/Erth      0%         N/A       100%        6
 Summon Cactus Giant      Summ           0%         N/A       100%        6
 Enfeeble                 Hex            0%         N/A       100%        7
 Malign Gateway           Summ/Tloc      0%         N/A       100%        7
 Monstrous Menagerie      Summ           0%         N/A       100%        7
 Orb of Destruction       Conj           0%         9d5       100%        7
 Ozocubu's Refrigeration  Ice            0%         4d7       100%        7
 Discord                  Hex            0%         N/A       100%        8
 Ignition                 Fire           0%         3d3       100%        8
 Lehudib's Crystal Spear  Conj/Erth      0%         10d2      100%        8
 Maxwell's Capacitive Co  Air            0%         ∞         100%        8
 Necromutation            Tmut/Necr      0%         N/A       100%        8
 Summon Horrible Things   Summ           0%         N/A       100%        8
 Death's Door             Necr           0%         N/A       100%        9
 Fire Storm               Conj/Fire      0%         5d1       100%        9


Dungeon Overview and Level Annotations

Branches:
Dungeon (1/1)

Altars:
Ashenzari
Cheibriados
Dithmenos
Elyvilon
Fedhas
Gozag
Hepliaklqana
Kikubaaqudgha
Makhleb
Nemelex Xobeh
Okawaru
Qazlal
Ru
Sif Muna
Trog
Uskayaw
Vehumet
Wu Jian
Xom
Yredelemnul
Zin
The Shining One
Jiyva
Lugonu


Innate Abilities, Weirdness & Mutations

You have a pair of horns on your head.
You reflexively headbutt those who attack you in melee.


Message History

You feel yourself speed up.
You block the ancient champion's attack.
PTOANNNG!
The tormentor calls on the powers of darkness!
Your body is wracked with pain!
* * * LOW HITPOINT WARNING * * *
The caustic shrike convulses!
The iron giant convulses!
An ancient champion comes into view. It is wielding a +2 heavy battleaxe.
You block the iron golem's attack.
GONNNNG!
You block the iron golem's attack.
BOUMMMMG!
You feel very mighty all of a sudden.
The tormentor calls on the powers of darkness!
Your body is wracked with pain!
* * * LOW HITPOINT WARNING * * *
The caustic shrike convulses!
The iron giant convulses!
You block the ancient champion's attack.
GONNNNG!
You block the Hell Sentinel's attack.
GONNNNG!
You block the Hell Sentinel's attack.
BOUMMMMG!
You feel better.
The tormentor calls on the powers of darkness!
Your body is wracked with pain!
* * * LOW HITPOINT WARNING * * *
The caustic shrike convulses!
The iron giant convulses!
A tormentor comes into view.
You block the iron golem's attack.
PTOANNNG!
You block the iron golem's attack.
PTOANNNG!
You hit the iron golem but do no damage.
You headbutt the iron golem!!
The iron golem is severely damaged.
You impale the iron golem!!
The iron golem is almost destroyed.
The ancient champion hits you with a +3 heavy great sword!!!
You die...

........§..▓
.................▓
...........r1....▓
............2..r9▓
..▓........1▓19r9▓
.............1912▓
............zr1bC▓
.............291z▓
.......©....r299@▓
▓▓▓▓▓▓▓▓▓▓▓▓▓▓▓▓▓▓


You could see 5 iron golems, an iron giant, 7 Hell Sentinels, a caustic shrike,
2 ancient champions, 5 crystal echidnas, 2 war gargoyles, a hellion and 3
tormentors.

Vanquished Creatures
  An ancient lich (D)
  5 caustic shrikes (D)
  5 golden dragons (D)
  2 bone dragons (D)
  A pandemonium lord (D)
  6 electric golems (D)
  3 Ice Fiends (D)
  3 liches (D)
  6 titans (D)
  2 quicksilver dragons (D)
  3 ancient champions (D)
  3 shadow dragons (D)
  8 storm dragons (D)
  A revenant (D)
  3 fire giants (D)
  5 iron dragons (D)
  2 emperor scorpions (D)
  A ghost moth (D)
  4 quicksilver elementals (D)
  2 frost giants (D)
  2 orc warlords (D)
  3 war gargoyles (D)
  A stone giant (D)
  A cacodemon (D)
  A vampire knight (D)
  A spark wasp (D)
  An iron golem (D)
  5 blizzard demons (D)
  3 ettins (D)
  A yellow draconian (D)
  2 yaktaur captains (D)
  An entropy weaver (D)
  2 great orbs of eyes (D)
  3 fire dragons (D)
  A rakshasa (D)
  4 ice dragons (D)
  14 vault guards (D)
  7 spriggan air magi (D)
  2 hydras (D)
  A two-headed ogre (D)
  A boulder beetle (D)
  2 orc high priests (D)
  3 hell hogs (D)
  3 thrashing horrors (D)
  A vampire mage (D)
  A crystal echidna (D)
  2 wretched stars (D)
  A pharaoh ant (D)
  3 skeletal warriors (D)
  A death drake (D)
  An orb spider (D)
  A glowing orange brain (D)
  2 swamp dragons (D)
  An orc knight (D)
  3 necromancers (D)
  13 starcursed masses (D)
  2 orc sorcerers (D)
  An ugly thing (D)
  A shining eye (D)
  A salamander (shapeshifter) (D)
  A faun (shapeshifter) (D)
  3 draconians (D)
  A black mamba (shapeshifter) (D)
  A black mamba (D)
  7 large abominations (D)
  An orange demon (D)
  A cane toad (D)
  A smoke demon (D)
  2 torpor snails (D)
  2 rime drakes (D)
  A komodo dragon (D)
  An unseen horror (shapeshifter) (D)
  3 freezing wraiths (D)
  2 tormentors (D)
  6 ice devils (D)
  A rime drake (shapeshifter) (D)
  2 efreet (D)
  2 yaktaurs (D)
  A troll (D)
  3 polar bears (D)
  A wind drake (shapeshifter) (D)
  A hornet (D)
  A blink frog (D)
  9 wind drakes (D)
  8 small abominations (D)
  4 raiju (D)
  8 air elementals (D)
  4 shadows (D)
  5 wyverns (D)
  3 fire elementals (D)
  A vampire (D)
  4 ynoxinuls (D)
  A human (shapeshifter) (D)
  2 steam dragons (D)
  2 redbacks (D)
  A redback (shapeshifter) (D)
  A warg (D)
  A naga (shapeshifter) (D)
  An acid dragon (D)
  6 water moccasins (D)
  2 hell hounds (D)
  8 orc warriors (D)
  A floating eye (shapeshifter) (D)
  A black bear (shapeshifter) (D)
  2 ice beasts (D)
  An ice beast (shapeshifter) (D)
  A wolf (D)
  8 ogres (D)
  A necrophage (D)
  An earth elemental (D)
  5 wights (D)
  3 crimson imps (D)
  3 jellies (D)
  4 quasits (D)
  3 iron imps (D)
  7 orc priests (D)
  A gnoll bouda (D)
  4 iguanas (D)
  5 orc wizards (D)
  A river rat (D)
  A shadow imp (D)
  8 white imps (D)
  5 ufetubi (D)
  2 adder skeletons (D)
  An adder simulacrum (D)
  6 orcs (D)
  A bat zombie (D)
  An endoplasm (D)
  3 jackals (D)
  A ball python skeleton (D)
  2 bat simulacra (D)
  A jackal simulacrum (D)
  2 quokka skeletons (D)
  A quokka zombie (D)
  4 fire vortices (D)
373 creatures vanquished.

Vanquished Creatures (others)
  A radroach (D)
  A rime drake (D)
  A wind drake (D)
  A swamp drake (D)
  A white imp (D)
  A lurking horror (D)
6 creatures vanquished.

Grand Total: 379 creatures vanquished

Notes
Turn   | Place    | Note
-------+----------+-------------------------------------------
     0 | D        | Heoruswealwe the Minotaur Fighter began the quest for the
                  | Orb.
     0 | D        | Reached XP level 1. HP: 19/19 MP: 0/0
     5 | D        | Became a worshipper of the Shining One
    10 | D        | Found a blossoming altar of Fedhas.
    10 | D        | Found the +6 Majin-Bo {spellvamp, MP+6 Int+6}
    10 | D        | Found the +27 heavy crossbow "Sniper" {heavy, Acc+∞ SInv}
    10 | D        | Found the +10 dark maul {heavy}
    10 | D        | Found the +15 Maxwell's patent armour {-Cast -Tele rElec
                  | Will+ rCorr}
    10 | D        | Found the +18 shield of the Gong {Loud rN+ Will+ rCorr
                  | EV-5}
    10 | D        | Found the +16 obsidian axe {drain, demonic, Mesm Drain Fly
                  | SInv}
    10 | D        | Found the +7 great mace "Firestarter" {flame, immolate,
                  | rFlCloud rF++}
    10 | D        | Found the +6 shillelagh "Devastator" {shatter}
    10 | D        | Found the +11 plutonium sword {Contam Stlth-}
    10 | D        | Found the +8 lance "Wyrmbane" {slay drac, rPois rF+ rC+
                  | AC+3}
    10 | D        | Found the +9 sword of Zonguldrok {reap}
    10 | D        | Found the +13 scythe of Curses {drain, curses, Drain}
    10 | D        | Found the +9 sword of Power {lifebolt}
    10 | D        | Found the +7 mace of Variability {chaos, chaos arc}
    10 | D        | Found the +11 Singing Sword {sonic wave}
    10 | D        | Found the +8 storm bow {elec, penet}
    11 | D        | Found a viscous altar of Jiyva.
    11 | D        | Found a hazy altar of Hepliaklqana.
    11 | D        | Found a transporter.
    11 | D        | Found an opulent altar of Gozag.
    11 | D        | Found an ancient bone altar of Kikubaaqudgha.
    11 | D        | Found a corrupted altar of Lugonu.
    23 | D        | Found a shimmering blue altar of Sif Muna.
    23 | D        | Found a sacrificial altar of Ru.
    23 | D        | Found a bloodstained altar of Trog.
    23 | D        | Found a stormy altar of Qazlal.
    23 | D        | Found an iron altar of Okawaru.
    23 | D        | Found a sparkling altar of Nemelex Xobeh.
    25 | D        | Found a burning altar of Makhleb.
   104 | D        | Reached skill level 5 in Fighting
   104 | D        | Reached skill level 5 in Polearms
   104 | D        | Reached skill level 5 in Armour
   104 | D        | Reached skill level 5 in Shields
   104 | D        | Reached XP level 2. HP: 30/30 MP: 1/1
   127 | D        | Entered arena 2.
   127 | D        | Noticed an ice beast
   127 | D        | Found a transporter.
   130 | D        | Reached * piety under the Shining One
   131 | D        | Killed an ice beast
   132 | D        | Reached XP level 3. HP: 39/39 MP: 2/2
   132 | D        | Reached XP level 4. HP: 47/47 MP: 3/3
   140 | D        | Entered arena 3.
   140 | D        | Noticed a draconian
   140 | D        | Noticed a draconian
   140 | D        | Noticed a draconian
   140 | D        | Reached ** piety under the Shining One
   140 | D        | Found a transporter.
   146 | D        | Killed a draconian
   147 | D        | Reached XP level 5. HP: 57/57 MP: 4/4
   147 | D        | Reached XP level 6. HP: 64/64 MP: 5/5
   158 | D        | Killed a draconian
   159 | D        | Reached skill level 10 in Fighting
   159 | D        | Reached skill level 10 in Polearms
   159 | D        | Reached skill level 10 in Armour
   159 | D        | Reached skill level 10 in Shields
   159 | D        | Reached XP level 7. HP: 73/73 MP: 6/6
   162 | D        | Killed a draconian
   163 | D        | Reached XP level 8. HP: 82/82 MP: 7/7
   174 | D        | Entered arena 4.
   174 | D        | Noticed a red ugly thing
   174 | D        | Found a transporter.
   205 | D        | Killed a red ugly thing
   323 | D        | Entered arena 5.
   323 | D        | Found a transporter.
   331 | D        | Reached XP level 9. HP: 92/92 MP: 8/8
   340 | D        | Got the Exposition on Fateful Allies
   344 | D        | Got the ring "Wuarchi" {rF+ Int+2}
   448 | D        | Entered arena 6.
   448 | D        | Reached *** piety under the Shining One
   448 | D        | Found a transporter.
   468 | D        | Got the ring of Bodily Harmony {Wiz rF- Int+5}
   472 | D        | Entered arena 7.
   472 | D        | Found the sphere of Battle
   472 | D        | Noticed a black mamba
   477 | D        | Killed a black mamba
   489 | D        | Found a transporter.
   509 | D        | Entered arena 8.
   509 | D        | Noticed a freezing wraith
   509 | D        | Reached **** piety under the Shining One
   509 | D        | Noticed an ice devil
   509 | D        | Noticed a polar bear
   509 | D        | Noticed a polar bear
   509 | D        | Noticed a rime drake
   519 | D        | Killed a polar bear
   525 | D        | Killed an ice devil
   525 | D        | Reached ***** piety under the Shining One
   531 | D        | Killed a freezing wraith
   532 | D        | Killed a rime drake
   536 | D        | Killed a polar bear
   537 | D        | Reached XP level 10. HP: 104/104 MP: 9/9
   538 | D        | Found a transporter.
   558 | D        | Entered arena 9.
   577 | D        | Found a transporter.
   596 | D        | Got the +0 pair of gloves of Imperfection {rPois rN+ Regen+
                  | SInv}
   605 | D        | Entered arena 10.
   605 | D        | Noticed Datreob the pandemonium lord
   605 | D        | Reached ****** piety under the Shining One
   669 | D        | Killed Datreob the pandemonium lord
   670 | D        | Reached skill level 15 in Fighting
   670 | D        | Reached skill level 15 in Polearms
   670 | D        | Reached skill level 15 in Armour
   670 | D        | Reached skill level 15 in Shields
   670 | D        | Found a transporter.
   705 | D        | Identified a +7 trishula of holy wrath (a +5 demon trident
                  | blessed by the Shining One)
   705 | D        | Received a gift from the Shining One
   709 | D        | Entered arena 11.
   730 | D        | Found a transporter.
   753 | D        | Got the ring "Sythred" {Fire rPois}
   757 | D        | Got the Quarto of Conflagrant Stolen Souls
   764 | D        | Entered arena 12.
   764 | D        | Noticed an elephant
   764 | D        | Noticed a black mamba
   764 | D        | Noticed a sea snake
   764 | D        | Noticed an orb spider
   764 | D        | Noticed a shining eye
   764 | D        | Noticed a torpor snail
   765 | D        | a torpor snail changed into a swamp worm
   765 | D        | Noticed a manticore
   766 | D        | a manticore changed into a guardian serpent
   766 | D        | Noticed a guardian serpent (glowing shapeshifter)
   766 | D        | an elephant changed into a snapping turtle
   767 | D        | Noticed an elephant
   769 | D        | an elephant changed into a faun
   769 | D        | Noticed a faun (glowing shapeshifter)
   769 | D        | a snapping turtle changed into a skyshark
   769 | D        | Noticed a skyshark (glowing shapeshifter)
   770 | D        | a sea snake changed into a deep troll
   770 | D        | Noticed a deep troll (glowing shapeshifter)
   771 | D        | a skyshark changed into a snapping turtle
   772 | D        | an orb spider changed into a faun
   772 | D        | Noticed a faun (shapeshifter)
   772 | D        | a floating eye changed into a guardian serpent
   772 | D        | Noticed a guardian serpent (glowing shapeshifter)
   774 | D        | a snapping turtle changed into a salamander
   774 | D        | Noticed a salamander (glowing shapeshifter)
   776 | D        | a deep troll changed into a manticore
   776 | D        | Noticed a manticore (glowing shapeshifter)
   777 | D        | Killed a faun
   778 | D        | a guardian serpent changed into a salamander
   778 | D        | Noticed a salamander (glowing shapeshifter)
   781 | D        | a guardian serpent changed into a swamp dragon
   781 | D        | Noticed a swamp dragon (glowing shapeshifter)
   781 | D        | a faun changed into a redback
   781 | D        | a manticore changed into a fire crab
   781 | D        | Noticed a fire crab (glowing shapeshifter)
   783 | D        | Killed a shining eye
   783 | D        | a redback changed into a shock serpent
   783 | D        | Noticed a shock serpent (glowing shapeshifter)
   783 | D        | a salamander changed into a swamp dragon
   783 | D        | Noticed a swamp dragon (glowing shapeshifter)
   785 | D        | a swamp dragon changed into an elephant
   785 | D        | Noticed an elephant (glowing shapeshifter)
   785 | D        | a shock serpent changed into a swamp worm
   785 | D        | a salamander changed into a shock serpent
   785 | D        | Noticed a shock serpent (glowing shapeshifter)
   785 | D        | a swamp dragon changed into an elephant
   785 | D        | Noticed an elephant (glowing shapeshifter)
   787 | D        | Killed a black mamba
   789 | D        | an elephant changed into a wind drake
   789 | D        | a fire crab changed into a redback
   791 | D        | a shock serpent changed into a manticore
   791 | D        | Noticed a manticore (glowing shapeshifter)
   792 | D        | an elephant changed into a culicivora
   794 | D        | a manticore changed into a komodo dragon
   796 | D        | a slime creature changed into a skyshark
   796 | D        | Noticed a skyshark (glowing shapeshifter)
   796 | D        | a redback changed into a fire crab
   796 | D        | Noticed a fire crab (glowing shapeshifter)
   798 | D        | a skyshark changed into a manticore
   798 | D        | Noticed a manticore (glowing shapeshifter)
   798 | D        | Paralysed by a floating eye for 4 turns
   799 | D        | a manticore changed into a komodo dragon
   800 | D        | a fire crab changed into a tarantella
   805 | D        | Reached XP level 11. HP: 115/115 MP: 10/10
   820 | D        | Found a transporter.
   840 | D        | Entered arena 13.
   840 | D        | Found the necklace of Bloodlust {Fury *Rage Will++ Int-3
                  | Slay+6}
   840 | D        | Noticed a boulder beetle
   840 | D        | Noticed a four-headed hydra
   853 | D        | Killed a four-headed hydra
   891 | D        | Killed a boulder beetle
   893 | D        | Found a transporter.
   907 | D        | Got the ring "Soepaz" {Fire rN+ Int+4 Dex-2}
   928 | D        | Entered arena 14.
   933 | D        | Noticed a necromancer
   934 | D        | Noticed a vampire mage
   942 | D        | Killed a necromancer
   944 | D        | Identified the +8 arbalest "Worm's Wrath" {drain, Int+6}
   954 | D        | Noticed a necromancer
   955 | D        | Noticed a vampire knight
   957 | D        | Identified the +5 great sword "Nuytrij" {venom, Fly Str+4
                  | Int-3 Stlth+}
   957 | D        | Noticed a skeletal warrior
   958 | D        | Killed a vampire mage
   958 | D        | Noticed a skeletal warrior
   965 | D        | Killed a necromancer
   969 | D        | Killed a skeletal warrior
   976 | D        | Killed a skeletal warrior
   988 | D        | Killed a vampire knight
   994 | D        | Found a transporter.
  1008 | D        | Got the Tractate on Cryomancy
  1014 | D        | Got the ring of Zinaleg {rC+ Slay+2}
  1029 | D        | Entered arena 15.
  1034 | D        | Noticed a radroach
  1034 | D        | Noticed a pharaoh ant
  1034 | D        | Noticed a ghost moth
  1034 | D        | Noticed an entropy weaver
  1034 | D        | Noticed an emperor scorpion
  1034 | D        | Noticed a spark wasp
  1034 | D        | Noticed an emperor scorpion
  1035 | D        | Noticed an orb spider
  1041 | D        | Killed a spark wasp
  1042 | D        | Reached XP level 12. HP: 128/128 MP: 0/11
  1049 | D        | Killed a ghost moth
  1055 | D        | Killed an emperor scorpion
  1064 | D        | Killed a radroach
  1072 | D        | Killed an emperor scorpion
  1084 | D        | Killed an entropy weaver
  1095 | D        | Found a transporter.
  1239 | D        | Entered arena 16.
  1244 | D        | Noticed an iron dragon
  1244 | D        | Noticed an iron dragon
  1244 | D        | Noticed an ancient champion
  1244 | D        | Noticed a war gargoyle
  1244 | D        | Noticed an ancient champion
  1244 | D        | Noticed an ancient champion
  1244 | D        | Noticed a quicksilver elemental
  1244 | D        | Noticed a war gargoyle
  1244 | D        | Noticed a war gargoyle
  1244 | D        | Noticed an iron golem
  1244 | D        | Noticed a quicksilver elemental
  1244 | D        | Noticed an iron dragon
  1251 | D        | Killed a quicksilver elemental
  1253 | D        | Killed a war gargoyle
  1263 | D        | Killed a quicksilver elemental
  1268 | D        | Killed a war gargoyle
  1273 | D        | Killed a war gargoyle
  1282 | D        | Killed an iron dragon
  1288 | D        | Killed an iron dragon
  1289 | D        | Reached XP level 13. HP: 87/141 MP: 12/12
  1294 | D        | Killed an ancient champion
  1304 | D        | Killed an ancient champion
  1307 | D        | Killed an ancient champion
  1309 | D        | Killed an iron dragon
  1338 | D        | Killed an iron golem
  1342 | D        | Found a transporter.
  1359 | D        | Got the Information on Gritty Cryomancy
  1369 | D        | Got the ring of Wuluot {Wiz Dex+4}
  1393 | D        | Entered arena 17.
  1399 | D        | Noticed an ancient lich
  1400 | D        | Noticed a lich
  1417 | D        | Found the crystal ball of Wucad Mu {*channel}
  1426 | D        | Killed an ancient lich
  1438 | D        | Killed a lich
  1446 | D        | Found a transporter.
  1485 | D        | Entered arena 18.
  1494 | D        | Noticed a fire giant
  1494 | D        | Noticed a fire giant
  1494 | D        | Noticed a fire giant
  1503 | D        | Killed a fire giant
  1511 | D        | Killed a fire giant
  1515 | D        | Killed a fire giant
  1520 | D        | Noticed a fire dragon
  1521 | D        | Noticed a fire dragon
  1523 | D        | Killed a fire dragon
  1531 | D        | Killed a fire dragon
  1548 | D        | Identified the +8 gold dragon scales "Muhel" {Harm *Corrode
                  | rPois rF+ rC+ Slay+5 Stlth-}
  1554 | D        | Found a transporter.
  1654 | D        | Entered arena 19.
  1663 | D        | Noticed a lich
  1663 | D        | Noticed a shadow dragon
  1689 | D        | Killed a lich
  1690 | D        | Reached XP level 14. HP: 153/157 MP: 13/13
  1727 | D        | Killed a shadow dragon
  1763 | D        | Found a transporter.
  1770 | D        | Got Sif Muna's Atlas of Glaciation
  1783 | D        | Got the Incunable of Frigorific Transition
  1809 | D        | Entered arena 20.
  1821 | D        | Noticed a cacodemon
  1842 | D        | Identified the staff of fire "Oluklum" {rF+ MP+9 Int+2
                  | Stlth-}
  1845 | D        | Identified the staff of death "Kiruv" {rN+ Stlth+}
  1857 | D        | Killed a cacodemon
  1893 | D        | Found the +8 frozen axe "Frostbite" {freeze, freezing
                  | cloud, *Noise Fly rC+}
  1895 | D        | Found a transporter.
  1906 | D        | Got the ring "Oqael" {rPois rCorr MP+9}
  1924 | D        | Got the ring "Hilim" {rF+ Will+ Str+2}
  1942 | D        | Entered arena 21.
  1949 | D        | Noticed a quicksilver dragon
  1949 | D        | Noticed a golden dragon
  1949 | D        | Noticed a golden dragon
  1963 | D        | Noticed an iron dragon
  1963 | D        | Noticed a golden dragon
  1963 | D        | Noticed a quicksilver dragon
  1968 | D        | Noticed a golden dragon
  1970 | D        | Noticed a shadow dragon
  1971 | D        | Killed a golden dragon
  1975 | D        | Killed a quicksilver dragon
  1981 | D        | Killed an iron dragon
  1982 | D        | Noticed a shadow dragon
  1984 | D        | Killed a quicksilver dragon
  1985 | D        | Noticed an iron dragon
  1988 | D        | Killed a golden dragon
  1993 | D        | Killed a golden dragon
  1993 | D        | Noticed a golden dragon
  2000 | D        | Killed a golden dragon
  2001 | D        | Reached XP level 15. HP: 128/171 MP: 5/14
  2003 | D        | Killed a shadow dragon
  2012 | D        | Killed an iron dragon
  2023 | D        | Killed a golden dragon
  2031 | D        | Killed a shadow dragon
  2050 | D        | Found a transporter.
  2061 | D        | Got the ring "Etyof" {rC+ MP+9 Str+6 Int+3}
  2072 | D        | Got the Folio of Putridity and Confrontation
  2160 | D        | Entered arena 22.
  2168 | D        | Noticed a frost giant
  2176 | D        | Identified the +3 double sword of Untimely Demise
                  | {antimagic, rPois rCorr Int-4 SInv}
  2176 | D        | Noticed a frost giant
  2178 | D        | Noticed an Ice Fiend
  2181 | D        | Reached skill level 1 in Invocations
  2188 | D        | Killed a frost giant
  2192 | D        | Noticed an Ice Fiend
  2202 | D        | Killed an Ice Fiend
  2209 | D        | Killed an Ice Fiend
  2210 | D        | Noticed an Ice Fiend
  2219 | D        | Killed a frost giant
  2220 | D        | Reached skill level 27 in Armour
  2220 | D        | Reached skill level 5 in Invocations
  2224 | D        | Reached skill level 27 in Fighting
  2227 | D        | Reached skill level 27 in Shields
  2230 | D        | Reached skill level 27 in Polearms
  2235 | D        | Killed an Ice Fiend
  2302 | D        | Found a transporter.
  2338 | D        | Got Sif Muna's Octavo of the Relocated Cemetery
  2340 | D        | Got the Elucidation of Freezing Conjuring
  2355 | D        | Got the Volume of Amalgamated Blight
  2362 | D        | Entered arena 23.
  2386 | D        | Reached skill level 1 in Dodging
  2400 | D        | Reached skill level 5 in Dodging
  2408 | D        | Identified the +2 flail of Qela {vamp, Str+6}
  2418 | D        | Reached skill level 10 in Invocations
  2432 | D        | Reached skill level 10 in Dodging
  2458 | D        | Identified the +0 ring mail of Pleasant Breezes {Will++}
  2459 | D        | Identified the +1 trident "Suzaugaf" {elec, *Rage Int+5}
  2487 | D        | Found a transporter.
  2604 | D        | Entered arena 24.
  2613 | D        | Noticed a bone dragon
  2646 | D        | Noticed a bone dragon
  2656 | D        | Noticed a revenant
  2657 | D        | Noticed a lich
  2661 | D        | Reached skill level 15 in Dodging
  2665 | D        | Killed a lich
  2668 | D        | Killed a revenant
  2668 | D        | Paralysed by accursed screaming for 1 turns
  2669 | D        | Reached XP level 16. HP: 171/183 MP: 25/25
  2677 | D        | Paralysed by accursed screaming for 1 turns
  2683 | D        | Paralysed by accursed screaming for 2 turns
  2695 | D        | Reached skill level 15 in Invocations
  2727 | D        | Killed a bone dragon
  2734 | D        | Killed a bone dragon
  2807 | D        | Found a transporter.
  2829 | D        | Got the Octavo of Sinister Rites and Ozone
  2842 | D        | Got the Teachings on Necrotic Anemomancy
  2846 | D        | Got the ring of the Futuristic God {rC+ rN+ Str+6 Int+2}
  2935 | D        | Entered arena 25.
  2946 | D        | Noticed a storm dragon
  2946 | D        | Noticed a storm dragon
  2946 | D        | Noticed a titan
  2946 | D        | Noticed an electric golem
  2946 | D        | Noticed an electric golem
  2946 | D        | Noticed a storm dragon
  2946 | D        | Noticed a titan
  2946 | D        | Noticed a titan
  2946 | D        | Noticed a storm dragon
  2947 | D        | Paralysed by an air elemental for 1 turns
  2949 | D        | Noticed an electric golem
  2953 | D        | Paralysed by an air elemental for 1 turns
  2971 | D        | Noticed a storm dragon
  2975 | D        | Killed a titan
  2980 | D        | Killed a titan
  2984 | D        | Killed a titan
  2984 | D        | Identified the amulet of the Floral God {RegenMP Harm Drain
                  | MP+9 Int+3}
  2988 | D        | Noticed a titan
  2991 | D        | Killed an electric golem
  2996 | D        | Noticed an electric golem
  2998 | D        | Killed a storm dragon
  3003 | D        | Killed a storm dragon
  3004 | D        | Paralysed by an air elemental for 1 turns
  3005 | D        | Noticed an electric golem
  3009 | D        | Killed a titan
  3012 | D        | Identified the +10 long sword "Ahasmiol" {speed, MP+9
                  | Int+3}
  3015 | D        | Noticed a storm dragon
  3016 | D        | Noticed a titan
  3021 | D        | Killed an electric golem
  3022 | D        | Paralysed by an air elemental for 1 turns
  3023 | D        | Noticed an electric golem
  3023 | D        | Noticed a storm dragon
  3026 | D        | Noticed a storm dragon
  3029 | D        | Noticed a titan
  3030 | D        | Paralysed by an air elemental for 1 turns
  3039 | D        | Found the ring of the Octopus King {rN+ HP+2 AC+2 EV+2
                  | SH+2}
  3049 | D        | Killed an electric golem
  3052 | D        | Found a transporter.
  3061 | D        | Killed a titan
  3065 | D        | Killed a storm dragon
  3069 | D        | Killed a storm dragon
  3073 | D        | Killed a storm dragon
  3079 | D        | Killed a titan
  3082 | D        | Killed a storm dragon
  3085 | D        | Killed a storm dragon
  3088 | D        | Killed a storm dragon
  3102 | D        | Killed an electric golem
  3109 | D        | Killed an electric golem
  3112 | D        | Killed an electric golem
  3432 | D        | Got Hejic's Quarto of Hoarfrost and the Blaze
  3441 | D        | Got a ring of the Octopus King {rN+ HP+2 AC+2 EV+2 SH+2}
  3443 | D        | Got the Papyrus of Fateful Coordinates
  3460 | D        | Got the Vellum of Destruction
  3479 | D        | Entered arena 26.
  3497 | D        | Noticed a Hell Sentinel
  3497 | D        | Noticed a caustic shrike
  3497 | D        | Noticed a caustic shrike
  3497 | D        | Noticed an iron giant
  3497 | D        | Noticed a caustic shrike
  3497 | D        | Noticed a caustic shrike
  3497 | D        | Noticed a Hell Sentinel
  3498 | D        | Noticed a caustic shrike
  3507 | D        | Killed a caustic shrike
  3509 | D        | Killed a caustic shrike
  3510 | D        | Killed a caustic shrike
  3516 | D        | Noticed an ancient champion
  3519 | D        | Killed a caustic shrike
  3523 | D        | Killed a caustic shrike
  3523 | D        | Noticed a caustic shrike
  3526 | D        | Noticed a Hell Sentinel
  3534 | D        | Noticed a Hell Sentinel
  3536 | D        | Noticed a Hell Sentinel
  3536 | D        | Noticed a Hell Sentinel
  3536 | D        | Noticed a Hell Sentinel
  3537 | D        | Noticed an ancient champion
  3541 | D        | Demolished by an ancient champion

Illustrated notes

Levels and vault maps discovered:
D:        sprint_v [room_start, room_1, room_2, room_3, room_4, room_5, room_6,
          room_7, room_8, room_9, room_10, room_11, room_12, room_13, room_14,
          room_15, room_16, room_17, room_18, room_19, room_20, room_21,
          room_22, room_23, room_24, room_25, room_26, room_27]

Skill      XL: |  1  2  3  4  5  6  7  8  9 10 11 12 13 14 15 16 |
---------------+-------------------------------------------------+-----
Fighting       | 5 7 9 10 11 12 14 16 18 20 23 25 27 | 27.0
Polearms       | 5 6 9 10 11 12 14 16 18 20 23 25 27 | 27.0
Armour         | 5 7 9 10 11 12 14 16 18 20 23 25 27 | 27.0
Shields        | 5 7 9 10 11 12 14 16 18 20 23 25 27 | 27.0
Invocations    | 14 22 | 22.6
Dodging        | 15 24 | 24.5

Action                     |  1- 3 |  4- 6 |  7- 9 | 10-12 | 13-15 | 16-18 || total
---------------------------+-------+-------+-------+-------+-------+-------++-------
  Melee: Lance             |     4 |    16 |    82 |   308 |   520 |   211 ||  1141
         Headbutt          |       |     4 |    18 |    80 |   116 |    62 ||   280
         Trishula          |       |       |       |     3 |       |       ||     3
 Invoke: Brand Weapon With |       |       |       |     1 |       |       ||     1
    Use: Potion            |     1 |       |     2 |     4 |     5 |    36 ||    48
         Scroll            |       |       |       |     4 |       |    12 ||    16
 Armour: Gold dragon scale |       |     4 |    28 |    85 |   135 |   199 ||   451
  Dodge: Dodged            |       |       |       |     6 |    11 |    62 ||    79
  Block: Kite shield       |     3 |    15 |    51 |   286 |   440 |   319 ||  1114
